 Dungeon Crawl Stone Soup version 0.30-a0-250-g41c1d76940 (webtiles) character file.

Game seed: 2861507158452459528

33 koil the Sneak (level 3, 0/16 HPs)
             Began as a Spriggan Enchanter on Oct 13, 2022.
             Slain by a bat (1 damage)
             ... on level 2 of the Dungeon.
             The game lasted 00:02:44 (1198 turns).

koil the Sneak (Spriggan Enchanter)                 Turns: 1198, Time: 00:02:45

Health: 0/16       AC:  2    Str:  4    XL:     3   Next: 12%
Magic:  2/8        EV: 22    Int: 16    God:
Gold:   68         SH:  0    Dex: 17    Spells: 6/8 levels left

rFire   . . .      SeeInvis +    a - +1 dagger
rCold   . . .      Faith    .    (no shield)
rNeg    . . .      Spirit   .    b - +0 robe
rPois   .          Reflect  .    (helmet restricted)
rElec   .          Harm     .    (no cloak)
rCorr   .          Rampage  .    (gloves unavailable)
Will    .....                    (boots unavailable)
Stlth   +++.......               (no amulet)
HPRegen 0.22/turn                d - +4 ring of evasion
MPRegen 0.11/turn                (no ring)

@: very quick
A: very small, no large weapons, unfitting armour, see invisible, speed 3
a: no special abilities


You were on level 2 of the Dungeon.
You visited 1 branch of the dungeon, and saw 3 of its levels.

You collected 68 gold pieces.

Inventory:

Hand Weapons
 a - a +1 dagger (weapon)
Missiles
 i - 12 poisoned darts (quivered)
Armour
 b - a +0 robe (worn)
Jewellery
 d - a +4 ring of evasion (left hand)
Scrolls
 e - 2 scrolls of identify {unknown}
 h - 2 scrolls of teleportation {unknown}
 j - a scroll of magic mapping {unknown}
Potions
 c - 2 potions of invisibility
 f - a potion of brilliance {unknown}
 g - 2 potions of lignification {unknown}
 k - a potion of curing {unknown}
 l - 2 potions of magic {unknown}


   Skills:
 + Level 1.8 Short Blades
 + Level 3.2 Dodging
 + Level 4.9 Stealth
 + Level 3.1 Spellcasting
 + Level 4.0 Hexes


You had 6 spell levels left.
You knew the following spells:

 Your Spells              Type           Power      Damage    Failure   Level
a - Ensorcelled Hibernat  Hex/Ice        16%        N/A       12%         2

Your spell library contained the following spells:

 Spells                   Type           Power      Damage    Failure   Level
 Confusing Touch          Hex            15%        N/A       11%         3
 Tukima's Dance           Hex            15%        N/A       11%         3
 Dazzling Flash           Conj/Hex       16%        N/A       24%         3
 Iskenderun's Battlesphe  Conj           2%         2d6       99%         5
 Iron Shot                Conj/Erth      1%         9d1       100%        6
 Spellforged Servitor     Conj/Summ      1%         N/A       100%        7


Dungeon Overview and Level Annotations

Branches:
Dungeon (3/15)

Altars:


Innate Abilities, Weirdness & Mutations

You are very small and have problems with some larger weapons.
You are too small for most types of armour.
You have supernaturally acute eyesight. (SInv)
You cover ground extremely quickly. (Speed+++)


Message History

An endoplasm comes into view.
You strike the helpless endoplasm from behind!
You puncture the endoplasm!
You kill the endoplasm!
No target in view!
A gnoll comes into view. It is wielding a +0 halberd.
The gnoll shouts!
A gnoll comes into view. It is wielding a +0 spear. x2
A bat comes into view.
The gnoll shouts!
You barely miss the gnoll.
Casting: Ensorcelled Hibernation (safe; 12% risk of failure)
Confirm with . or Enter, or press ? or * to list all spells.
Aiming: Ensorcelled Hibernation (safe; 12% risk of failure)
Press: ? - help, Shift-Dir - straight line, f - gnoll
Aim: a gnoll, wielding a +0 halberd (chance to affect: 50%)
The gnoll resists with some effort.
The bat hits you but does no damage. The gnoll misses you.
The gnoll throws a throwing net.
The throwing net closely misses you. The bat closely misses you.
Casting: Ensorcelled Hibernation (safe; 12% risk of failure)
Confirm with . or Enter, or press ? or * to list all spells.
Aiming: Ensorcelled Hibernation (safe; 12% risk of failure)
Press: ? - help, Shift-Dir - straight line, f/p - gnoll
Aim: a gnoll, wielding a +0 halberd (chance to affect: 50%)
The gnoll resists with some effort.
The bat completely misses you. The gnoll misses you.
The bat completely misses you.
Casting: Ensorcelled Hibernation (safe; 12% risk of failure)
Confirm with . or Enter, or press ? or * to list all spells.
Aiming: Ensorcelled Hibernation (safe; 12% risk of failure)
Press: ? - help, Shift-Dir - straight line, f/p - gnoll
Aim: a gnoll, wielding a +0 halberd (chance to affect: 50%)
The gnoll resists with some effort.
The bat closely misses you. The gnoll hits you with a +0 halberd!
Ouch! That really hurt!
The gnoll barely misses you.
The gnoll hits you from afar with a +0 spear!
* * * LOW HITPOINT WARNING * * *
The bat misses you. The bat attacks as you move away! The bat misses you.
The bat hits you.
You die...

#.# ####.......# ##.....
..........)# #.....#
##.......# #..#..#
##........ #..#..#
#........# ######.g#..#
#.##)##... .......g#..#
#.##......
#####gb#.######...<##.##
........@.#.....<......##
........#.#.####..#.#.###
.#####.........#..#......
#.(#.#.####..#......
#..#.#.# #..#.#..##
#..#.... ..........
#....#.##########.##
..##...# #...> .. ##.?.
......


You could see 3 gnolls and a bat.

Vanquished Creatures
  A dart slug (D:1)
  2 bats
  An endoplasm (D:2)
  2 giant cockroaches (D:1)
  5 goblins
  3 hobgoblins (D:1)
  A quokka (D:1)
  5 ball pythons
  A frilled lizard (D:1)
  5 kobolds
  3 rats
29 creatures vanquished.

Notes
Turn   | Place    | Note
-------+----------+-------------------------------------------
     0 | D:1      | koil the Spriggan Enchanter began the quest for the Orb.
     0 | D:1      | Reached XP level 1. HP: 9/9 MP: 5/5
   179 | D:1      | Reached XP level 2. HP: 13/13 MP: 6/6
   182 | D:1      | Learned a level 2 spell: Ensorcelled Hibernation
   974 | D:2      | You fall into a shaft and drop 1 floor!
  1133 | D:2      | Reached XP level 3. HP: 15/16 MP: 8/8
  1198 | D:2      | Slain by a bat

Illustrated notes

Levels and vault maps discovered:
D:1:      sevenhm_arrival_forest_fort_large_2, layout_basic,
          corexii_corridor_pit
D:2:      layout_basic, basic_altar, minmay_worlds_worst_comb
D:3:      layout_loops_ring, serial_glass, glass_columns_c, glass_columns_a,
          glass_columns_a, glass_columns_c, glass_columns_b, glass_columns_a,
          due_unseen_surprise, item_on_display_a, feat_on_display,
          feat_on_display, minmay_bisected

Skill      XL: |  1  2  3 |
---------------+----------+-----
Dodging        | 3 |  3.2
Spellcasting   | 3 |  3.1
Hexes          | 4 |  4.0
Short Blades   | |  1.8
Stealth        | |  4.9

Action                   || total
-------------------------++-------
Melee: Dagger            ||    97
 Cast: Ensorcelled Hiber ||     4
 Stab: Sleeping          ||     6
       Distracted        ||     1
Armor: Robe              ||     8
Dodge: Dodged            ||    99

Table legend: (Time is in decaauts)
 A = Elapsed time spent in this place.
 B = Non-inter-level travel time spent in this place.
 C = Inter-level travel time spent in this place.
 D = Time resting spent in this place.
 E = Time spent auto-exploring this place.
 F = Levels seen in this place.
 G = Mean time per level.
                   A        B        C        D        E       F      G
               +--------+--------+--------+--------+--------+-----+--------+
         Total |    798 |    768 |     30 |     31 |    529 |   3 |  266.0 |
       Dungeon |    798 |    768 |     30 |     31 |    529 |   3 |  266.0 |
               +--------+--------+--------+--------+--------+-----+--------+

Top non-repeatable levels by time:
     D:1: 641 daAuts
     D:2: 100 daAuts
     D:3: 56 daAuts
